| TOP OF THE 1ST |
|
Detroit Tigers batting - Pitching for Kansas City Royals : RHP Jimmy Silveira IV
|
|
Pitching: RHP Jimmy Silveira IV
|
|
|
Batting: RHB Greg Harman
|
0-0: Called Strike 0-1: Hit by Pitch
|
|
Batting: LHB Jordan Villa
|
Pickoff Throw to First - Out! 1-3 0-0: Fly out, F6 (Popup, 6MS, EV 76.9 MPH)
|
|
Batting: LHB Tyler Davis
|
0-0: Fly out, F8 (Flyball, 78XD, EV 93.8 MPH)
|
| Top of the 1st over - 0 runs, 0 hits, 0 errors, 0 left on base; Detroit 0 - Kansas City 0 |
| BOTTOM OF THE 1ST |
|
Kansas City Royals batting - Pitching for Detroit Tigers : RHP Steve McGaughey
|
|
Pitching: RHP Steve McGaughey
|
|
|
Batting: RHB Mike Jaquez
|
0-0: SINGLE (Flyball, 5D, EV 90.0 MPH)
|
|
Batting: RHB Imbart Faber
|
0-0: Called Strike 0-1: DOUBLE (Line Drive, 9LS, EV 100.0 MPH) Mike Jaquez to third Runner from 3rd tries for Home, SAFE, throw by RF to trailing runner, SAFE at third!
|
|
Batting: SHB Tony Prado
|
0-0: Ball 1-0: Called Strike 1-1: Fly out, F9 (Flyball, 89S, EV 96.3 MPH)
|
|
Batting: SHB Gareth Busby
|
0-0: Called Strike 0-1: SINGLE (Groundball, 25, EV 76.9 MPH) (infield hit)
|
|
Batting: LHB Manny Estrada
|
0-0: Called Strike 0-1: SINGLE (Line Drive, 7S, EV 101.9 MPH) Imbart Faber scores Gareth Busby to second
|
|
Batting: RHB Adriaan Pieters
|
0-0: Ball 1-0: Ball 2-0: Called Strike 2-1: Ball 3-1: Foul Ball, location: 2F 3-2: Base on Balls Gareth Busby to third Manny Estrada to second
|
|
Batting: LHB Zion Davidson
|
0-0: Ball 1-0: Called Strike 1-1: Grounds into double play, 4-6-3 (Groundball, 4, EV 85.6 MPH)
|
| Bottom of the 1st over - 2 runs, 4 hits, 0 errors, 2 left on base; Detroit 0 - Kansas City 2 |
| TOP OF THE 2ND |
|
Detroit Tigers batting - Pitching for Kansas City Royals : RHP Jimmy Silveira IV
|
|
Batting: RHB Randy Shrewsbury
|
0-0: Swinging Strike 0-1: Called Strike 0-2: Ground out 1-3 (Groundball, P, EV 66.9 MPH)
|
|
Batting: LHB Emmanuel Gaskin
|
0-0: Ball 1-0: Ball 2-0: Ball 3-0: Called Strike 3-1: Base on Balls
|
|
Batting: RHB Luke Feeney
|
0-0: Called Strike 0-1: Ball 1-1: Called Strike 1-2: Strikes out swinging
|
|
Batting: RHB Victor Quinones
|
0-0: Ball 1-0: Fielders Choice at 2nd, 6-4 (Groundball, 56, EV 103.8 MPH)
|
| Top of the 2nd over - 0 runs, 0 hits, 0 errors, 1 left on base; Detroit 0 - Kansas City 2 |
| BOTTOM OF THE 2ND |
|
Kansas City Royals batting - Pitching for Detroit Tigers : RHP Steve McGaughey
|
|
Batting: RHB Aaron Matthews
|
0-0: Foul Ball, location: 2F 0-1: Ground out 4-3 (Groundball, 34, EV 76.3 MPH)
|
|
Batting: RHB Avery Maxwell
|
0-0: Ball 1-0: Foul Ball, location: 2F 1-1: Reached on error, E2 (Groundball, 15S, EV 61.9 MPH)
|
|
Batting: RHB Mike Jaquez
|
0-0: Foul Ball, location: 2F 0-1: Called Strike Avery Maxwell steals 3rd base (no throw) 0-2: Strikes out swinging
|
|
Batting: RHB Imbart Faber
|
0-0: Ball 1-0: Foul Ball, location: 2F 1-1: Foul Ball, location: 2F 1-2: Strikes out swinging
|
| Bottom of the 2nd over - 0 runs, 0 hits, 1 error, 1 left on base; Detroit 0 - Kansas City 2 |
| TOP OF THE 3RD |
|
Detroit Tigers batting - Pitching for Kansas City Royals : RHP Jimmy Silveira IV
|
|
Batting: RHB Adrian Novakovic
|
0-0: Fly out, F8 (Flyball, 89M, EV 83.8 MPH)
|
|
Batting: RHB Danny Eberhart
|
0-0: Called Strike 0-1: Ball 1-1: Ball 2-1: SINGLE (Groundball, 4MD, EV 103.8 MPH)
|
|
Batting: RHB Greg Harman
|
0-0: Called Strike 0-1: Ball 1-1: Swinging Strike 1-2: Strikes out swinging
|
|
Batting: LHB Jordan Villa
|
0-0: Ball 1-0: Ball 2-0: SINGLE (Flyball, 5D, EV 95.6 MPH) Danny Eberhart to second
|
|
Batting: LHB Tyler Davis
|
0-0: Foul Ball, location: 2F 0-1: Ball Wild Pitch! Danny Eberhart to third Jordan Villa to second 1-1: Ball 2-1: Foul Ball, location: 2F 2-2: Fly out, F8 (Line Drive, 89M, EV 95.0 MPH)
|
| Top of the 3rd over - 0 runs, 2 hits, 0 errors, 2 left on base; Detroit 0 - Kansas City 2 |
| BOTTOM OF THE 3RD |
|
Kansas City Royals batting - Pitching for Detroit Tigers : RHP Steve McGaughey
|
|
Batting: SHB Tony Prado
|
0-0: Fly out, F8 (Flyball, 78M, EV 80.0 MPH)
|
|
Batting: SHB Gareth Busby
|
0-0: Called Strike 0-1: Ball 1-1: Swinging Strike 1-2: Hit by Pitch
|
|
Batting: LHB Manny Estrada
|
0-0: Called Strike 0-1: Hit by Pitch Gareth Busby to second
|
|
Batting: RHB Adriaan Pieters
|
0-0: Ball 1-0: Ball 2-0: Ball 3-0: Base on Balls Gareth Busby to third Manny Estrada to second
|
|
Batting: LHB Zion Davidson
|
0-0: Ball 1-0: Called Strike 1-1: Ball 2-1: Foul Ball, location: 2F 2-2: SINGLE (Groundball, 34D, EV 104.4 MPH) Gareth Busby scores Manny Estrada to third Adriaan Pieters to second Runner from 3rd tries for Home, throw by RF and OUT! 9-2
|
|
Batting: RHB Aaron Matthews
|
0-0: Ball 1-0: Foul Ball, location: 2F 1-1: Fly out, F8 (Flyball, 8RS, EV 87.5 MPH)
|
| Bottom of the 3rd over - 1 run, 1 hit, 0 errors, 2 left on base; Detroit 0 - Kansas City 3 |
| TOP OF THE 4TH |
|
Detroit Tigers batting - Pitching for Kansas City Royals : RHP Jimmy Silveira IV
|
|
Batting: RHB Randy Shrewsbury
|
0-0: Ground out 6-3 (Groundball, 6M, EV 87.5 MPH)
|
|
Batting: LHB Emmanuel Gaskin
|
0-0: Called Strike 0-1: Called Strike 0-2: Ball 1-2: Fly out, F8 (Line Drive, 8RM, EV 89.4 MPH)
|
|
Batting: RHB Luke Feeney
|
0-0: Ball 1-0: DOUBLE (Line Drive, 7LM, EV 111.3 MPH)
|
|
Batting: RHB Victor Quinones
|
0-0: Ball 1-0: Swinging Strike 1-1: Called Strike 1-2: Ball 2-2: Strikes out swinging
|
| Top of the 4th over - 0 runs, 1 hit, 0 errors, 1 left on base; Detroit 0 - Kansas City 3 |
| BOTTOM OF THE 4TH |
|
Kansas City Royals batting - Pitching for Detroit Tigers : RHP Steve McGaughey
|
|
Batting: RHB Avery Maxwell
|
0-0: Called Strike 0-1: Ball 1-1: Foul Ball, location: 2F 1-2: Strikes out swinging
|
|
Pitching: RHP Chris Haselhorst
|
|
|
Batting: RHB Mike Jaquez
|
0-0: Foul Ball, location: 2F 0-1: Ball 1-1: Foul Ball, location: 2F 1-2: Ball 2-2: Ball 3-2: Base on Balls
|
|
Batting: RHB Imbart Faber
|
0-0: Ball 1-0: DOUBLE (Flyball, 8RD, EV 110.0 MPH) Mike Jaquez to third
|
|
Batting: SHB Tony Prado
|
0-0: Called Strike 0-1: SINGLE (Groundball, 4S, EV 97.5 MPH) Mike Jaquez scores Imbart Faber to third Runner from 3rd tries for Home, SAFE, throw by CF to home
|
|
Batting: SHB Gareth Busby
|
0-0: Foul Ball, location: 2F 0-1: Ball 1-1: Ball 2-1: Reached on error, E6 (Groundball, 6, EV 108.1 MPH) Tony Prado to second
|
|
Batting: LHB Manny Estrada
|
0-0: Ball 1-0: Swinging Strike 1-1: Foul Ball, location: 2F 1-2: 3-RUN HOME RUN (Flyball, 9D, EV 98.1 MPH), Distance : 375 ft
|
|
Pitching: RHP Eric Putnam
|
|
|
Batting: RHB Adriaan Pieters
|
0-0: Called Strike 0-1: Ball 1-1: Ball 2-1: Fly out, F9 (Line Drive, 9, EV 86.3 MPH)
|
|
Batting: LHB Zion Davidson
|
0-0: Swinging Strike 0-1: Foul Ball, location: 2F 0-2: Ball 1-2: Ball 2-2: Strikes out swinging
|
| Bottom of the 4th over - 5 runs, 3 hits, 1 error, 0 left on base; Detroit 0 - Kansas City 8 |
| TOP OF THE 5TH |
|
Detroit Tigers batting - Pitching for Kansas City Royals : RHP Jimmy Silveira IV
|
|
Batting: RHB Adrian Novakovic
|
0-0: Ball 1-0: Ball 2-0: Swinging Strike 2-1: Swinging Strike 2-2: Strikes out swinging
|
|
Batting: RHB Danny Eberhart
|
0-0: Called Strike 0-1: Foul Ball, location: 2F 0-2: Strikes out swinging
|
|
Batting: RHB Greg Harman
|
0-0: Swinging Strike 0-1: Ball 1-1: Ball 2-1: Foul Ball, location: 2F 2-2: Strikes out swinging
|
| Top of the 5th over - 0 runs, 0 hits, 0 errors, 0 left on base; Detroit 0 - Kansas City 8 |
| BOTTOM OF THE 5TH |
|
Kansas City Royals batting - Pitching for Detroit Tigers : RHP Eric Putnam
|
|
Batting: RHB Aaron Matthews
|
0-0: Ground out 5-3 (Groundball, 56, EV 110.0 MPH)
|
|
Batting: RHB Avery Maxwell
|
0-0: Called Strike 0-1: Swinging Strike 0-2: Ball 1-2: Foul Ball, location: 2F 1-2: Ball 2-2: Strikes out swinging
|
|
Batting: RHB Mike Jaquez
|
0-0: Foul Ball, location: 2F 0-1: Foul Ball, location: 2F 0-2: Strikes out swinging
|
| Bottom of the 5th over - 0 runs, 0 hits, 0 errors, 0 left on base; Detroit 0 - Kansas City 8 |
| TOP OF THE 6TH |
|
Detroit Tigers batting - Pitching for Kansas City Royals : RHP Jimmy Silveira IV
|
|
Batting: LHB Jordan Villa
|
0-0: Swinging Strike 0-1: Ball 1-1: Fly out, F7 (Line Drive, 7, EV 90.0 MPH)
|
|
Batting: LHB Tyler Davis
|
0-0: Ground out 3-1 (Groundball, 34S, EV 79.4 MPH)
|
|
Batting: RHB Randy Shrewsbury
|
0-0: Ball 1-0: Ball 2-0: Fly out, F5 (Flyball, 5D, EV 78.1 MPH)
|
| Top of the 6th over - 0 runs, 0 hits, 0 errors, 0 left on base; Detroit 0 - Kansas City 8 |
| BOTTOM OF THE 6TH |
|
Kansas City Royals batting - Pitching for Detroit Tigers : RHP Eric Putnam
|
|
Batting: RHB Imbart Faber
|
0-0: Ball 1-0: Fly out, F9 (Flyball, 89D, EV 96.3 MPH)
|
|
Batting: SHB Tony Prado
|
0-0: Called Strike 0-1: Ball 1-1: Called Strike 1-2: Ball 2-2: Ball 3-2: Base on Balls
|
|
Batting: SHB Gareth Busby
|
0-0: Called Strike 0-1: Ball 1-1: Swinging Strike 1-2: Strikes out looking
|
|
Batting: LHB Manny Estrada
|
0-0: Ball 1-0: Ball 2-0: Ball 3-0: Base on Balls Tony Prado to second
|
|
Batting: RHB Adriaan Pieters
|
0-0: Ball 1-0: Ball 2-0: Ball 3-0: Called Strike 3-1: Base on Balls Tony Prado to third Manny Estrada to second
|
|
Batting: LHB Zion Davidson
|
0-0: Called Strike 0-1: Ball 1-1: Fielders Choice at 2nd, U4 (Groundball, 4M, EV 92.5 MPH)
|
| Bottom of the 6th over - 0 runs, 0 hits, 0 errors, 3 left on base; Detroit 0 - Kansas City 8 |
| TOP OF THE 7TH |
|
Detroit Tigers batting - Pitching for Kansas City Royals : RHP Jimmy Silveira IV
|
|
Batting: LHB Emmanuel Gaskin
|
0-0: Ball 1-0: Ball 2-0: TRIPLE (Flyball, 89XD, EV 100.6 MPH)
|
|
Batting: RHB Luke Feeney
|
0-0: Foul Ball, location: 2F 0-1: Foul Ball, location: 2F 0-2: Foul Ball, location: 2F 0-2: Strikes out swinging
|
|
Batting: RHB Victor Quinones
|
0-0: Ball 1-0: Ball 2-0: Fly out, F4 (Flyball, 34D, EV 85.6 MPH)
|
|
Pinch Hitting: RHB Dave Reynolds
|
0-0: Foul Ball, location: 2F 0-1: Called Strike 0-2: Ball 1-2: Foul Ball, location: 2F 1-2: Strikes out swinging
|
| Top of the 7th over - 0 runs, 1 hit, 0 errors, 1 left on base; Detroit 0 - Kansas City 8 |
| BOTTOM OF THE 7TH |
|
Kansas City Royals batting - Pitching for Detroit Tigers : RHP Eric Putnam
|
|
Now at SS: Dave Reynolds
|
|
|
Batting: RHB Aaron Matthews
|
0-0: Ground out U3 (Groundball, 34, EV 83.8 MPH)
|
|
Batting: RHB Avery Maxwell
|
0-0: Called Strike 0-1: Swinging Strike 0-2: Foul Ball, location: 2F 0-2: Strikes out swinging, 2-3 out at first.
|
|
Pitching: RHP Andres de Leon
|
|
|
Batting: RHB Mike Jaquez
|
0-0: Ball 1-0: Ball 2-0: Foul Ball, location: 2F 2-1: Ball 3-1: Swinging Strike 3-2: Strikes out looking
|
| Bottom of the 7th over - 0 runs, 0 hits, 0 errors, 0 left on base; Detroit 0 - Kansas City 8 |
| TOP OF THE 8TH |
|
Detroit Tigers batting - Pitching for Kansas City Royals : RHP Jimmy Silveira IV
|
|
Batting: RHB Danny Eberhart
|
0-0: Ball 1-0: Called Strike 1-1: Swinging Strike 1-2: Strikes out swinging
|
|
Batting: RHB Greg Harman
|
0-0: Ground out U3 (Groundball, 34, EV 100.0 MPH)
|
|
Batting: LHB Jordan Villa
|
0-0: Foul Ball, location: 2F 0-1: Foul Ball, location: 2F 0-2: Foul Ball, location: 2F 0-2: Foul Ball, location: 2F 0-2: Ball 1-2: Foul Ball, location: 2F 1-2: Foul Ball, location: 2F 1-2: Ball 2-2: Ground out U3 (Groundball, 3, EV 91.3 MPH)
|
| Top of the 8th over - 0 runs, 0 hits, 0 errors, 0 left on base; Detroit 0 - Kansas City 8 |
| BOTTOM OF THE 8TH |
|
Kansas City Royals batting - Pitching for Detroit Tigers : RHP Andres de Leon
|
|
Batting: RHB Imbart Faber
|
0-0: Called Strike 0-1: Swinging Strike 0-2: Ball 1-2: Ball 2-2: Strikes out swinging
|
|
Pinch Hitting: RHB Emilio Gallegos
|
0-0: Ball 1-0: Called Strike 1-1: SINGLE (Groundball, 6MD, EV 105.0 MPH)
|
|
Batting: SHB Gareth Busby
|
0-0: Called Strike 0-1: Ball 1-1: SINGLE (Line Drive, 34, EV 110.0 MPH) Emilio Gallegos to second
|
|
Batting: LHB Manny Estrada
|
0-0: Swinging Strike 0-1: Ball 1-1: Ball 2-1: Foul Ball, location: 2F 2-2: Ball 3-2: Strikes out swinging
|
|
Batting: RHB Adriaan Pieters
|
0-0: Ball 1-0: Fly out, F8 (Flyball, 89XD, EV 110.6 MPH)
|
| Bottom of the 8th over - 0 runs, 2 hits, 0 errors, 2 left on base; Detroit 0 - Kansas City 8 |
| TOP OF THE 9TH |
|
Detroit Tigers batting - Pitching for Kansas City Royals : RHP Jimmy Silveira IV
|
|
Now in CF: Emilio Gallegos
|
|
|
Batting: LHB Tyler Davis
|
0-0: Called Strike 0-1: Ball 1-1: Foul Ball, location: 2F 1-2: SINGLE (Line Drive, 34D, EV 103.8 MPH)
|
|
Batting: RHB Randy Shrewsbury
|
0-0: Called Strike 0-1: Ball 1-1: Swinging Strike 1-2: Foul Ball, location: 2F 1-2: Ball 2-2: Foul Ball, location: 2F 2-2: SINGLE (Line Drive, 9S, EV 98.8 MPH) Tyler Davis to second
|
|
Batting: LHB Emmanuel Gaskin
|
0-0: Ball 1-0: Foul Ball, location: 2F 1-1: Foul Ball, location: 2F 1-2: Foul Ball, location: 2F 1-2: SINGLE (Groundball, 34D, EV 101.9 MPH) Tyler Davis to third Randy Shrewsbury to second
|
|
Pitching: RHP Tade Balder
|
|
|
Pinch Hitting: SHB Phil Zacharia
|
0-0: Called Strike 0-1: Called Strike 0-2: Ball 1-2: SINGLE (Line Drive, 9S, EV 88.8 MPH) Tyler Davis scores Randy Shrewsbury to third Emmanuel Gaskin to second
|
|
Pinch Hitting: LHB Morgan Black
|
0-0: Ball 1-0: Ball 2-0: Ball 3-0: Base on Balls Randy Shrewsbury scores Emmanuel Gaskin to third Phil Zacharia to second
|
|
Pinch Hitting: LHB Brad Turner
|
0-0: Ball 1-0: Ball 2-0: Called Strike 2-1: Foul Ball, location: 2F 2-2: SINGLE (Line Drive, 4M, EV 96.9 MPH) Emmanuel Gaskin scores Phil Zacharia to third Morgan Black to second
|
|
Batting: RHB Danny Eberhart
|
0-0: Called Strike 0-1: Ball 1-1: Foul Ball, location: 2F 1-2: Ball 2-2: Ball 3-2: GRAND SLAM HOME RUN (Line Drive, 89XD, EV 106.9 MPH), Distance : 421 ft
|
|
Pitching: RHP Asa Hahn
|
|
|
Batting: RHB Greg Harman
|
0-0: Ball 1-0: Ball 2-0: Called Strike 2-1: Called Strike 2-2: Ball 3-2: Foul Ball, location: 2F 3-2: Base on Balls
|
|
Batting: LHB Jordan Villa
|
0-0: Ball 1-0: Ball 2-0: Bunted foul 2-1: Sac Bunt to 15 - play at first, batter safe! Greg Harman to second
|
|
Batting: LHB Tyler Davis
|
0-0: Swinging Strike 0-1: Called Strike Greg Harman steals 3rd base Jordan Villa to second 0-2: Foul Ball, location: 2F 0-2: Foul Ball, location: 2F 0-2: 3-RUN HOME RUN (Flyball, 9D, EV 96.9 MPH), Distance : 367 ft
|
|
Batting: RHB Randy Shrewsbury
|
0-0: Ball 1-0: Called Strike 1-1: Ball 2-1: Foul Ball, location: 2F 2-2: Fly out, F6 (Flyball, 56D, EV 89.4 MPH)
|
|
Batting: LHB Emmanuel Gaskin
|
0-0: Ball 1-0: Ball 2-0: Ball 3-0: Base on Balls
|
|
Batting: SHB Phil Zacharia
|
0-0: Ball 1-0: Ball 2-0: DOUBLE (Groundball, 3L, EV 102.5 MPH) Emmanuel Gaskin to third Runner from 3rd tries for Home, throw by RF and OUT! 9-4-2
|
|
Pitching: LHP John Brooks
|
|
|
Batting: LHB Morgan Black
|
0-0: DOUBLE (Flyball, 9LM, EV 80.6 MPH) Phil Zacharia scores
|
|
Batting: LHB Brad Turner
|
0-0: Ball 1-0: Fly out, F9 (Flyball, 89S, EV 73.8 MPH)
|
| Top of the 9th over - 11 runs, 10 hits, 0 errors, 1 left on base; Detroit 11 - Kansas City 8 |
| BOTTOM OF THE 9TH |
|
Kansas City Royals batting - Pitching for Detroit Tigers : RHP Andres de Leon
|
|
Pitching: RHP Jason Williams
|
|
|
Now at 3B: Ryan Neal
|
|
|
Now at SS: Danny Eberhart
|
|
|
Now in LF: Morgan Black
|
|
|
Now in CF: Phil Zacharia
|
|
|
Now in RF: Jordan Villa
|
|
|
Batting: LHB Zion Davidson
|
0-0: Ball 1-0: Fly out, F7 (Flyball, 78XD, EV 96.9 MPH)
|
|
Pinch Hitting: LHB Sam Britt
|
0-0: SINGLE (Line Drive, 8RS, EV 106.9 MPH)
|
|
Batting: RHB Avery Maxwell
|
0-0: Called Strike 0-1: Foul Ball, location: 2F 0-2: Strikes out swinging
|
|
Batting: RHB Mike Jaquez
|
0-0: Ball 1-0: Called Strike 1-1: DOUBLE (Line Drive, 9LS, EV 96.3 MPH) Sam Britt to third
|
|
Batting: RHB Imbart Faber
|
0-0: Ball 1-0: Ball 2-0: Ball 3-0: Foul Ball, location: 2F 3-1: Foul Ball, location: 2F 3-2: Strikes out swinging
|
| Bottom of the 9th over - 0 runs, 2 hits, 0 errors, 2 left on base; Detroit 11 - Kansas City 8 |
|